 Dungeon Crawl Stone Soup version 0.31-a0-167-g1c394c0614 (webtiles) character file.

Game seed: 15453718481387006835

38 CowFu the Poker (level 3, -6/27 HPs)
             Began as a Demonspawn Gladiator on June 15, 2023.
             Mangled by a gnoll
             ... wielding a +0 halberd
              (8 damage)
             ... on level 2 of the Dungeon.
             The game lasted 00:00:46 (699 turns).

CowFu the Poker (Demonspawn Gladiator)               Turns: 699, Time: 00:00:47

Health: -6/27      AC:  9    Str: 16    XL:     3   Next: 25%
Magic:  3/3        EV:  4    Int:  9    God:
Gold:   56         SH:  0    Dex: 14    Spells: 2/2 levels left

rFire   . . .        h - +0 lajatang
rCold   . . .        (shield currently unavailable)
rNeg    . . .        f - +0 chain mail
rPois   .            c - +0 helmet
rElec   .            (no cloak)
rCorr   .            (no gloves)
SInv    .            (no boots)
Will    +....        (no amulet) Stlth
                     (no ring)
HPRegen 0.24/turn    (no ring)
MPRegen 0.08/turn

%: no passive effects
@: enlightened, flying, held
A: ignite blood 1, spiny 1
a: no special abilities


You were on level 2 of the Dungeon.
You visited 1 branch of the dungeon, and saw 2 of its levels.

You collected 56 gold pieces.

Inventory:

Hand Weapons
 a - a +0 trident
 h - a +0 lajatang (weapon)
Missiles
 d - 3 throwing nets (quivered)
 e - a javelin
Armour
 b - a +0 leather armour
 c - a +0 helmet (worn)
 f - a +0 chain mail (worn)
Jewellery
 k - an amulet of the acrobat
Scrolls
 g - 2 scrolls of identify {unknown}
 i - a scroll of revelation {unknown}
Potions
 j - a potion of enlightenment
 l - a potion of degeneration {unknown}
 m - a potion of curing {unknown}


   Skills:
 - Level 2.0 Fighting
 + Level 4.0 Polearms
 - Level 1.7 Throwing
 - Level 2.6 Dodging


You had 2 spell levels left.
You didn't know any spells.
Your spell library contained the following spells:

 Spells                   Type           Power      Damage    Failure   Level
 Vhi's Electric Charge    Tloc/Air       0%         N/A       100%        3
 Anguish                  Hex/Necr       0%         N/A       100%        4
 Cause Fear               Hex            0%         N/A       100%        4
 Arcjolt                  Conj/Air       0%         1d10      100%        5
 Plasma Beam              Fire/Air       0%         2x1d10    100%        6
 Enfeeble                 Hex            0%         N/A       100%        7


Dungeon Overview and Level Annotations

Branches:
Dungeon (2/15)

Altars:


Innate Abilities, Weirdness & Mutations

Your demonic aura sometimes causes spilled blood to erupt in flames.
You are partially covered in sharp spines.


Message History

A gnoll comes into view. It is wielding a +0 halberd.
The gnoll shouts!
A gnoll comes into view. It is wielding a +0 flail.
There are monsters nearby!
An adder comes into view.
There are monsters nearby!
You hit the gnoll.
The gnoll is moderately wounded.
The gnoll hits you but does no damage. The gnoll hits you with a +0 whip!
The gnoll throws a throwing net.
The throwing net hits you.
You become entangled in the net!
A rat comes into view.
There are monsters nearby!
You tear a large gash into the net.
The gnoll hits you but does no damage. The gnoll completely misses you.
You struggle against the net.
The gnoll hits you but does no damage. The gnoll is struck by your spines.
The gnoll hits you with a +0 whip.
You rip the net and break free!
The gnoll closely misses you. The gnoll is struck by your spines.
The gnoll hits you with a +0 whip.
The gnoll throws a throwing net.
The throwing net hits you.
You become entangled in the net!
You struggle against the net.
The gnoll is struck by your spines. The gnoll hits you with a +0 flail!
The gnoll barely misses you. The gnoll is struck by your spines.
You kill the gnoll!
The adder bites you but does no damage.
Your Polearms skill increases to level 4!
You are too injured to fight recklessly!
You struggle against the net.
The adder barely misses you. The gnoll barely misses you.
The gnoll hits you with a +0 flail!
* * * LOW HITPOINT WARNING * * *
A goblin comes into view. It is wielding a +0 club.
It was a potion of enlightenment.
You feel very buoyant.
You fly up into the air.
The goblin shouts!
The adder is struck by your spines. The adder bites you but does no damage.
The gnoll hits you but does no damage.
The gnoll hits you from afar with a +0 halberd!
You die...

.. ... ......#..##
..## ..[ ...... ...#
##.. ..#.. .#.# #..
##g..# ^#.#
##.####....# .#.##
#....##rg..#
##..#####....##.S).#
.............##.@g.#
###..####....##....#
...................#
#......#.######.....#
#.####>#.# #....<.#
#.# #...# #....#..#
#.# #†.### #....##..#
#.# #....# #.##.....#
#<####....#####..
.###


You could see 2 gnolls, an adder, a goblin and a rat.

Vanquished Creatures
  A gnoll (D:2)
  An adder (D:2)
  A dart slug (D:1)
  3 endoplasms (D:1)
  A giant cockroach (D:1)
  3 goblins (D:1)
  A kobold (D:1)
  A quokka (D:1)
  A ball python (D:1)
  2 frilled lizards (D:1)
  3 rats (D:1)
18 creatures vanquished.

Notes
Turn   | Place    | Note
-------+----------+-------------------------------------------
     0 | D:1      | CowFu the Demonspawn Gladiator began the quest for the Orb.
     0 | D:1      | Reached XP level 1. HP: 16/16 MP: 1/1
    36 | D:1      | Reached skill level 3 in Polearms
   135 | D:1      | Gained mutation: You are partially covered in sharp spines.
                  | [demonic ancestry]
   135 | D:1      | Reached XP level 2. HP: 22/22 MP: 2/2
   612 | D:2      | Gained mutation: Your demonic aura sometimes causes spilled
                  | blood to erupt in flames. [demonic ancestry]
   612 | D:2      | Reached XP level 3. HP: 23/27 MP: 3/3
   698 | D:2      | Reached skill level 4 in Polearms
   699 | D:2      | Mangled by a gnoll

Illustrated notes

Levels and vault maps discovered:
D:1:      dpeg_arrival_rooms_a, layout_rooms, serial_forest,
          infiniplex_forest_lined_room_3, infiniplex_forest_clump_C,
          infiniplex_forest_lined_1, infiniplex_forest_fountain,
          infiniplex_forest_straight_3, infiniplex_forest_lined_3,
          infiniplex_forest_lined_2, infiniplex_forest_lined_4_way,
          infiniplex_forest_straight_3, columned_hall_lemuel
D:2:      layout_rooms, chequers_ecumenical_altar_lobes, minmay_pentomino_pile

Skill      XL: |  1  2  3 |
---------------+----------+-----
Polearms       | 3 4 |  4.0
Fighting       | |  2.0
Throwing       | |  1.7
Dodging        | |  2.6

Action                     || total
---------------------------++-------
  Melee: Trident           ||    17
         Lajatang          ||    18
    Use: Potion            ||     1
 Armour: Chain mail        ||    15
         Leather armour    ||     1
  Dodge: Dodged            ||    11

Table legend: (Time is in decaauts)
 A = Elapsed time spent in this place.
 B = Non-inter-level travel time spent in this place.
 C = Inter-level travel time spent in this place.
 D = Time resting spent in this place.
 E = Time spent auto-exploring this place.
 F = Levels seen in this place.
 G = Mean time per level.
                   A        B        C        D        E       F      G
               +--------+--------+--------+--------+--------+-----+--------+
         Total |    705 |    695 |     10 |      0 |    556 |   2 |  352.5 |
       Dungeon |    705 |    695 |     10 |      0 |    556 |   2 |  352.5 |
               +--------+--------+--------+--------+--------+-----+--------+

Top non-repeatable levels by time:
     D:1: 605 daAuts
     D:2: 99 daAuts
